 Dungeon Crawl Stone Soup version 0.17-a0-77-gee7a2f2 (webtiles) character file.

307633 Ngotmuk the Shatterer (level 20, -4/210 HPs)
             Began as a Minotaur Fighter on Mar 14, 2015.
             Was the Champion of Okawaru.
             Killed by divine providence
             ... invoked by a deep elf high priest
              (13 damage)
             ... on level 3 of the Elven Halls.
             The game lasted 04:11:31 (42939 turns).

Ngotmuk the Shatterer (Minotaur Fighter)           Turns: 42939, Time: 04:11:32

Health: -4/210     AC: 25    Str: 49    XL:     20   Next: 33%
Magic:  0/7        EV: 22    Int:  5    God:    Okawaru [******]
Gold:   2207       SH: 16    Dex: 16    Spells: 0 memorised, 19 levels left

rFire  . . .     SeeInvis .     u - +9 flail of the Solstice {freeze, rPois Str+4}
rCold  + . .     Clarity  .     s - +4 ring mail {MR+}
rNeg   . . .     SustAb   .     S - +0 shield {reflect}
rPois  +         Gourm    .     G - +2 hat {Spirit}
rElec  +         Spirit   +     l - +2 cloak {+Inv}
rCorr  .         Warding  .     y - +1 pair of gloves "Adwivvoabb" {Dex+4}
rMut   .         Stasis   .     N - +2 pair of boots {run}
MR     ++...                    D - amulet of Hemeqe {Faith +Fly rElec Str+9 Dex-5}
Stlth  +.........               V - ring of Plog {rElec rC+ Str+4 Dex+4}
                                j - ring of poison resistance

@: mighty, drained, quick, very resistant to hostile enchantments, very
unstealthy
A: retaliatory headbutt, horns 2, robust 1, spit poison 1
a: Spit Poison, Heroism, Finesse, Renounce Religion, Evoke Invisibility, Evoke
Flight
}: 2/15 runes: serpentine, barnacled


You were on level 3 of the Elven Halls.
You worshipped Okawaru.
Okawaru was exalted by your worship.
You were not hungry.

You visited 7 branches of the dungeon, and saw 41 of its levels.
You visited the Abyss 1 time.
You also visited: Trove, Bailey and Volcano.

You collected 4226 gold pieces.
You spent 2019 gold pieces at shops.

Inventory:

Hand weapons
 r - the +9 great mace of the Doomed Warrior {antimagic, Int+4}
   (Okawaru gifted it to you on level 10 of the Dungeon)

   It disrupts the flow of magical energy around spellcasters and certain
   magical creatures (including the wielder).
   It affects your intelligence (+4).
 u - the +9 flail of the Solstice (weapon) {freeze, rPois Str+4}
   (You acquired it on level 4 of the Shoals)

   It has been specially enchanted to freeze those struck by it, causing extra
   injury to most foes and up to half again as much damage against particularly
   susceptible opponents.
   It can also slow down cold-blooded creatures.
   It affects your strength (+4).
   It protects you from poison.
 I - the +9 flail "Hureg" {venom, -Tele rPois rC+ Int+7}
   (You found it on level 5 of the Shoals)

   It poisons the flesh of those it strikes.
   It affects your intelligence (+7).
   It protects you from cold.
   It protects you from poison.
   It prevents most forms of teleportation.
Armour
 l - a +2 cloak of invisibility (worn)
 m - the +1 crystal plate armour "Rokloc" {+Fly}
   (Okawaru gifted it to you on level 3 of the Snake Pit)

   It lets you fly.
 s - a +4 ring mail of magic resistance (worn)
 y - the +1 pair of gloves "Adwivvoabb" (worn) {Dex+4}
   (Okawaru gifted it to you on level 15 of the Dungeon)

   It affects your dexterity (+4).
 G - a +2 hat of spirit shield (worn)
 M - a +0 shield of resistance
 N - a +2 pair of boots of running (worn)
 S - a +0 shield of reflection (worn)
Jewellery
 j - a ring of poison resistance (left hand)
 D - the amulet of Hemeqe (around neck) {Faith +Fly rElec Str+9 Dex-5}
   (You acquired it on level 4 of the Shoals)

   [amulet of faith]

   It allows you to gain divine favour quickly.
   It affects your strength (+9).
   It affects your dexterity (-5).
   It insulates you from electricity.
   It lets you fly.
 P - the amulet "Axaudaik" {+Rage Int+3}
   (You found it on level 7 of the Lair of Beasts)

   [amulet of rage]

   It affects your intelligence (+3).
   It lets you go berserk.
 V - the ring of Plog (right hand) {rElec rC+ Str+4 Dex+4}
   (You bought it in a shop on level 4 of the Shoals)

   [ring of protection from cold]

   It affects your strength (+4).
   It affects your dexterity (+4).
   It protects you from cold.
   It insulates you from electricity.
Magical devices
 v - a wand of random effects (25)
 O - a wand of flame (21)
 R - a wand of fire (7)
Scrolls
 c - 9 scrolls of recharging
 e - 4 scrolls of fog
 f - 14 scrolls of identify
 g - 7 scrolls of enchant weapon
 k - 8 scrolls of magic mapping
 n - 10 scrolls of teleportation
 p - 9 scrolls of remove curse
 q - 6 scrolls of blinking
 t - 5 scrolls of fear
 x - 7 scrolls of enchant armour
 C - 8 scrolls of amnesia
 F - a scroll of holy word
 H - a scroll of summoning
 Q - a scroll of silence
Potions
 b - 3 potions of flight
 h - 8 potions of restore abilities
 i - 2 potions of haste
 o - 6 potions of curing
 w - a potion of might
 z - 8 potions of heal wounds
 A - 3 potions of resistance
 B - 6 potions of agility
 E - 2 potions of ambrosia
 J - 3 potions of berserk rage
 K - 2 potions of cancellation
 L - 4 potions of brilliance
Comestibles
 a - 3 meat rations
 d - 19 bread rations
 T - a beef jerky


   Skills:
 + Level 19.4(18.9) Fighting
 + Level 24.8(24.2) Maces & Flails
 + Level 18.9(18.4) Armour
 + Level 16.1(15.6) Dodging
 * Level 12.3(11.8) Shields


You had 19 spell levels left.
You didn't know any spells.

Dungeon Overview and Level Annotations

Branches:
Dungeon (15/15)            Temple (1/1) D:4            Lair (8/8) D:10
 Shoals (5/5) Lair:3        Snake (5/5) Lair:5        Slime (0/6) Lair:7
    Orc (4/4) D:12            Elf (3/3) Orc:4        Vaults (0/5) D:13
 Depths (0/5) D:15

Altars:
Ashenzari
Cheibriados
Dithmenos
Elyvilon
Fedhas
Gozag
Kikubaaqudgha
Makhleb
Nemelex Xobeh
Okawaru
Qazlal
Ru
Sif Muna
Trog
Vehumet
Xom
Yredelemnul
Zin
The Shining One
Jiyva

Shops:
D:14 }   Orc:2 *   Orc:4 !*%!   Elf:2 (   Elf:3 ?   Shoals:4 *:=?

Annotations:
D:14 3 runed doors


Innate Abilities, Weirdness & Mutations

You reflexively headbutt those who attack you in melee.
You have a pair of horns on your head.
You are robust (+10% HP).
You can spit poison.


Message History

You block the deep elf death mage's attack.
The deep elf annihilator mumbles some strange words.
The deep elf annihilator blinks!
The deep elf fighter hits you but does no damage.
There is an open door here.
You barely miss the deep elf fighter. You headbutt the deep elf fighter.
You kill the deep elf fighter!
Okawaru accepts your kill.
The deep elf annihilator points at you and mumbles some strange words.
The bolt of lightning hits you! You resist.
* * * LOW HITPOINT WARNING * * *
You block the deep elf high priest's attack.
Things that are here:
a short sword; a leather armour The deep elf high priest utters a dark prayer and points at you.
Your life force is offered up.
* * * LOW HITPOINT WARNING * * *
The deep elf high priest invokes the aid of its god against you.
Something smites you!
You die...

#...............#
+.e.$.........#
#...e.)e......#
###...e.......#
##ee)....####
###*#######
##.ee## ##.....##
#..%@...#
#.......#
#.......+
##.....## ##...##
##+## ..# #.
....###..


You could see a deep elf annihilator, a deep elf death mage, a deep elf
sorcerer, 2 deep elf high priests and a deep elf mage.

Vanquished Creatures
  Norris (Shoals:2)
  Saint Roka (Snake:2)
  Nikola (Snake:5)
  Asterion (Shoals:3)
  2 krakens
  Agnes (Shoals:3)
  Kirke (Snake:1)
  Ilsuiw (Shoals:4)
  Donald (Shoals:3)
  12 greater nagas
  Maud (Lair:8)
  Aizul (Shoals:2)
  A deep elf sorcerer (Elf:1)
  Jorgrun (Snake:3)
  The ghost of Somebody the Brawler, a powerful TrMo of Cheibriados (Lair:8)
  A deep elf demonologist (Elf:2)
  The ghost of BluebellGnoll the Unseen, a powerful NaEn of Cheibriados (Lair:6)
  2 dire elephants
  Azrael (D:14)
  Snorg (Shoals:2)
  A vault guard (D:13)
  7 merfolk javelineers
  Josephine (Orc:4)
  9 merfolk impalers
  3 deep elf high priests
  Harold (Lair:2)
  2 ogre magi (D:15)
  10 naga warriors
  11 hydras
  6 merfolk avatars
  Erica (Lair:7)
  4 merfolk aquamancers
  A catoblepas (Lair:8)
  13 dancing weapons (Elf:2)
  17 anacondas
  2 alligator snapping turtles (Shoals:3)
  2 satyrs
  22 death yaks
  The ghost of Ngotmuk the Carver, an experienced HuFi of Okawaru (Bailey)
  2 tengu warriors (D:15)
  2 centaur warriors
  A deep troll shaman (Lair:8)
  3 orc high priests (Orc:4)
  7 shock serpents
  15 naga sharpshooters
  14 deep elf knights
  3 salamander mystics
  A wizard (D:13)
  18 sea snakes
  Erolcha (D:9)
  17 deep elf summoners
  7 naga ritualists
  4 unseen horrors
  An ice statue (D:14)
  A lindwurm (Lair:3)
  7 hill giants
  2 necromancers (D:13)
  2 ugly things
  13 griffons
  3 orc sorcerers (Orc:4)
  27 fauns
  13 deep elf conjurers
  2 wolf spiders
  6 orc knights
  7 mana vipers
  An oklob plant (Lair:1)
  A salamander (shapeshifter) (Elf:1)
  17 harpies
  9 cyclopes
  15 sirens
  4 water nymphs
  21 manticores
  11 elephants
  29 naga magi
  12 salamanders
  Maurice (Orc:2)
  35 black mambas
  17 guardian serpents
  An apocalypse crab (Abyss:1)
  A moth of wrath (shapeshifter) (Elf:2)
  2 smoke demons
  12 spiny frogs
  9 komodo dragons
  A demonic crawler (Elf:1)
  An efreet (D:13)
  A yaktaur (shapeshifter) (Elf:3)
  An elf (shapeshifter) (Elf:2)
  A hellwing (Orc:4)
  A jumping spider (Lair:4)
  2 red devils (Volcano)
  A tengu conjurer (D:14)
  5 deep elf priests
  8 fire drakes
  3 wandering mushrooms
  Sonja (Shoals:1)
  4 wind drakes
  A polar bear (Lair:7)
  A polar bear (shapeshifter) (D:14)
  A queen bee (D:14)
  11 snapping turtles
  22 blink frogs
  Grinder (D:3)
  4 ravens
  34 merfolk
  Prince Ribbit (D:5)
  6 trolls
  7 two-headed ogres
  63 yaks
  12 water elementals
  10 basilisks
  7 wyverns
  4 redbacks
  23 deep elf magi
  A shadow (D:12)
  The ghost of Ngotmuk the Covered, an average MiFi (D:3)
  A hungry ghost (D:11)
  11 vampire mosquitoes
  20 humans (D:13)
  65 nagas
  Grum (D:12)
  A fire bat (Volcano)
  6 wraiths
  4 fire elementals
  4 hogs (Snake:1)
  22 deep elf fighters
  3 mottled dragons
  A soldier ant (D:13)
  16 wolves
  4 wargs
  Edmund (D:4)
  26 hippogriffs
  27 water moccasins
  A steam dragon (Lair:4)
  An ice beast (D:10)
  5 hell hounds
  A swamp drake (Lair:4)
  2 eyes of draining
  3 phantoms
  13 porcupines
  12 ogres
  34 orc warriors
  3 black bears
  3 sky beasts
  3 boggarts (D:15)
  3 wasps
  15 centaurs
  20 giant frogs
  16 crocodiles
  Sigmund (D:3)
  Duvessa (D:4)
  5 big kobolds
  Blork the orc (D:4)
  13 wights
  2 small abominations
  29 killer bees
  4 scorpions
  5 electric eels
  A quasit (D:13)
  2 centaur zombies
  2 goliath beetles (D:7)
  Dowan (D:4)
  11 crimson imps
  2 jellies
  A giant frog zombie (D:10)
  3 lava snakes (Volcano)
  4 giant frog skeletons
  2 gnoll shamans (D:6)
  30 orc priests
  9 hounds
  9 centaur skeletons
  8 iguanas
  35 orc wizards
  13 hell rats
  8 worker ants
  Natasha (twice) (D:4)
  17 sheep
  2 hound zombies
  Terence (D:3)
  86 river rats
  28 adders
  18 gnolls
  5 shadow imps
  12 giant mites
  3 worms (D:2)
  A giant eyeball (Elf:1)
  2 adder skeletons (D:9)
  An ooze (D:2)
  177 orcs
  11 bats
  A bat skeleton (D:7)
  2 bat zombies (D:7)
  3 giant cockroaches
  19 goblins
  19 hobgoblins
  5 jackals
  45 kobolds
  14 quokkas
  2 ball pythons (Lair:5)
  A giant cockroach zombie (D:6)
  7 giant geckos
  5 giant newts
  A giant spore (D:12)
  6 orc zombies (Orc:4)
  A quokka skeleton (D:7)
  12 rats
  9 ballistomycetes
  2 crawling corpses (Elf:1)
  7 fungi
  7 plants
  6 tentacles
1854 creatures vanquished.

Vanquished Creatures (others)
  2 deep elf knights (Elf:2)
  A guardian serpent (Snake:5)
  2 drowned souls (Shoals:2)
  A deep elf priest (Elf:3)
  2 lost souls (Elf:3)
  An orc (Orc:4)
  2 giant spores
  2 kobolds (D:12)
  4 bushes (D:10)
  A crawling corpse (Elf:3)
  14 fungi
  13 plants
  22 tentacles
  513 tentacle segments
580 creatures vanquished.

Grand Total: 2434 creatures vanquished

Notes
Turn   | Place    | Note
--------------------------------------------------------------
     0 | D:1      | Ngotmuk, the Minotaur Fighter, began the quest for the Orb.
     0 | D:1      | Reached XP level 1. HP: 19/19 MP: 1/1
   141 | D:1      | Reached skill level 4 in Fighting
   185 | D:1      | Reached XP level 2. HP: 25/27 MP: 1/1
   769 | D:2      | Reached XP level 3. HP: 12/33 MP: 2/2
  1348 | D:2      | Reached XP level 4. HP: 32/41 MP: 2/2
  1526 | D:3      | Noticed Terence
  1535 | D:3      | Killed Terence
  1718 | D:3      | Noticed Ngotmuk's ghost (average MiFi)
  1737 | D:3      | Noticed Sigmund
  1741 | D:3      | Killed Ngotmuk's ghost
  1741 | D:3      | Reached skill level 5 in Fighting
  1741 | D:3      | Reached skill level 6 in Maces & Flails
  1741 | D:3      | Reached XP level 5. HP: 12/48 MP: 2/2
  1745 | D:3      | HP: 1/48 [something (11)]
  1751 | D:3      | Killed Sigmund
  1751 | D:3      | Reached XP level 6. HP: 2/57 MP: 3/3
  2139 | D:3      | Found an ancient bone altar of Kikubaaqudgha.
  2330 | D:3      | Noticed Grinder
  2350 | D:3      | Killed Grinder
  2350 | D:3      | Reached skill level 7 in Maces & Flails
  2350 | D:3      | Reached XP level 7. HP: 50/63 MP: 3/3
  2699 | D:4      | Reached skill level 8 in Maces & Flails
  2980 | D:4      | Noticed Duvessa
  2993 | D:4      | Noticed Dowan
  3008 | D:4      | Killed Duvessa
  3010 | D:4      | Killed Dowan
  3010 | D:4      | Reached skill level 9 in Maces & Flails
  3084 | D:4      | Found a staircase to the Ecumenical Temple.
  3089 | Temple   | Entered the Ecumenical Temple
  3181 | Temple   | Became a worshipper of Warmaster Okawaru
  3228 | D:4      | Noticed Edmund
  3243 | D:4      | Killed Edmund
  3257 | D:4      | Reached XP level 8. HP: 64/73 MP: 3/3
  3289 | D:4      | Found a blossoming altar of Fedhas.
  3393 | D:4      | Noticed Blork the orc
  3397 | D:4      | Killed Blork the orc
  3410 | D:4      | Found an opulent altar of Gozag.
  3448 | D:4      | Noticed Natasha
  3457 | D:4      | Killed Natasha
  3486 | D:4      | Reached skill level 10 in Maces & Flails
  3587 | D:4      | Noticed Natasha
  3600 | D:4      | Killed Natasha
  3728 | D:5      | Entered Level 5 of the Dungeon
  4015 | D:5      | Acquired Okawaru's first power
  4228 | D:5      | Noticed Prince Ribbit
  4647 | D:5      | Killed Prince Ribbit
  4669 | D:6      | Found a blossoming altar of Fedhas.
  4677 | D:6      | Reached skill level 5 in Armour
  4687 | D:6      | Found a stormy altar of Qazlal.
  4771 | D:6      | Found a blossoming altar of Fedhas.
  4896 | D:6      | Reached skill level 11 in Maces & Flails
  4896 | D:6      | Reached XP level 9. HP: 82/82 MP: 4/4
  5832 | D:7      | Reached skill level 12 in Maces & Flails
  6799 | D:8      | Reached XP level 10. HP: 91/93 MP: 4/4
  7346 | D:9      | Reached skill level 10 in Fighting
  7398 | D:9      | Reached skill level 13 in Maces & Flails
  7444 | D:9      | Found a burning altar of Makhleb.
  7580 | D:9      | Noticed Erolcha
  7591 | D:9      | Killed Erolcha
  7949 | D:9      | Found a bloodstained altar of Trog.
  8020 | D:9      | Found a radiant altar of Vehumet.
  8021 | D:9      | Found a burning altar of Makhleb.
  8154 | D:10     | Entered Level 10 of the Dungeon
  8233 | D:10     | Found a flagged portal.
  8244 | Bailey   | Entered a bailey
  8279 | Bailey   | Reached skill level 14 in Maces & Flails
  8284 | Bailey   | Noticed Ngotmuk's ghost (experienced HuFi)
  8322 | Bailey   | Noticed an orc knight
  8345 | Bailey   | Killed an orc knight
  8345 | Bailey   | Acquired Okawaru's second power
  8489 | Bailey   | Killed Ngotmuk's ghost
  8649 | D:10     | Reached XP level 11. HP: 102/102 MP: 4/4
  8710 | D:10     | Received a gift from Okawaru
  8737 | D:10     | Got a scorched great mace {god gift}
  8738 | D:10     | Identified the +9 great mace of the Doomed Warrior {antimagic, Int+4} (Okawaru gifted it to you on level 10 of the Dungeon)
  9133 | D:10     | Noticed a cyclops
  9137 | D:10     | Killed a cyclops
  9296 | D:10     | Reached skill level 10 in Armour
  9320 | D:10     | Found a staircase to the Lair.
  9356 | D:10     | Reached skill level 15 in Maces & Flails
  9647 | D:10     | Noticed a hill giant
  9650 | D:10     | Killed a hill giant
  9777 | D:11     | Found a portal to a secret trove of treasure.
  9786 | Trove    | Entered a treasure trove
  9826 | Trove    | Got a spiked ring mail
  9940 | Trove    | Identified the +4 ring mail of the Lobster {Int+4} (You found it in a treasure trove)
  9965 | Trove    | Identified a +2 pair of boots of running (You found it in a treasure trove)
  9975 | Trove    | Identified a +1 pair of boots of running (You found it in a treasure trove)
 10704 | D:11     | Noticed a hill giant
 10707 | D:11     | Killed a hill giant
 10883 | D:12     | Noticed Grum
 10904 | D:12     | Killed Grum
 10904 | D:12     | Reached skill level 16 in Maces & Flails
 11117 | D:12     | Found an ancient bone altar of Kikubaaqudgha.
 11174 | D:12     | Reached skill level 1 in Dodging
 11174 | D:12     | Reached XP level 12. HP: 69/113 MP: 1/5
 11511 | D:12     | Found a staircase to the Orcish Mines.
 11574 | D:12     | Gained mutation: You are weak. (Str -2) [mutagenic meat]
 11575 | D:12     | Gained mutation: You are clumsy. (Dex -2) [mutagenic meat]
 11576 | D:12     | Gained mutation: You possess an exceptional clarity of mind. [mutagenic meat]
 11768 | D:12     | Noticed a five-headed hydra
 11770 | D:12     | Killed a five-headed hydra
 11878 | D:12     | Killed an unseen horror
 11968 | Orc:1    | Entered Level 1 of the Orcish Mines
 12199 | Orc:2    | Found Plasipp's Assorted Antiques.
 12692 | Orc:2    | Noticed Maurice
 12694 | Orc:2    | Killed Maurice
 13367 | Orc:4    | Entered Level 4 of the Orcish Mines
 13423 | Orc:4    | Noticed Josephine
 13440 | Orc:4    | Killed Josephine
 13440 | Orc:4    | Reached skill level 17 in Maces & Flails
 13639 | Orc:4    | Found a staircase to the Elven Halls.
 14340 | Orc:4    | Reached skill level 5 in Dodging
 14392 | Orc:4    | Reached XP level 13. HP: 110/122 MP: 1/5
 14572 | Orc:4    | Found Gaumaust's Distillery.
 14572 | Orc:4    | Found Kaohaiph's Distillery.
 14576 | Orc:4    | Found Yklathos' Assorted Antiques.
 14576 | Orc:4    | Found Puugg's Food Shoppe.
 14598 | Orc:4    | Bought a potion of mutation for 30 gold pieces
 14598 | Orc:4    | Bought a potion of beneficial mutation for 420 gold pieces
 14598 | Orc:4    | Bought a potion of might for 48 gold pieces
 14598 | Orc:4    | Bought a potion of heal wounds for 60 gold pieces
 14598 | Orc:4    | Bought a potion of heal wounds for 60 gold pieces
 14598 | Orc:4    | Bought a potion of heal wounds for 60 gold pieces
 14598 | Orc:4    | Gained mutation: You have difficulty communicating with the divine. [potion of mutation]
 14598 | Orc:4    | Gained mutation: You are very clumsy. (Dex -4) [potion of mutation]
 14598 | Orc:4    | Gained mutation: You can spit poison. [potion of mutation]
 14866 | Elf:1    | Entered Level 1 of the Elven Halls
 15138 | D:13     | Received a gift from Okawaru
 15235 | D:13     | Reached skill level 18 in Maces & Flails
 15469 | D:13     | Found a gate to the Vaults.
 15965 | D:13     | Gained mutation: Scrolls take you a little longer to read. [potion of mutation]
 16688 | D:14     | Found Uqiwiap's Gadget Shoppe.
 16688 | D:14     | Noticed Azrael
 16702 | D:14     | Killed Azrael
 16702 | D:14     | Reached XP level 14. HP: 104/133 MP: 1/5
 16859 | D:14     | Found a basalt altar of Yredelemnul.
 16997 | D:14     | Found a runed door.
 17223 | D:14     | Found a runed door.
 17232 | D:14     | Reached skill level 19 in Maces & Flails
 17245 | D:14     | Found a runed door.
 17256 | D:14     | Found a runed door.
 17733 | D:15     | Entered Level 15 of the Dungeon
 17853 | D:15     | Received a gift from Okawaru
 17856 | D:15     | Got a pair of ichor-stained gloves {god gift}
 17867 | D:15     | Identified the +1 pair of gloves "Adwivvoabb" {Dex+4} (Okawaru gifted it to you on level 15 of the Dungeon)
 17872 | D:15     | Found a glowing silver altar of Zin.
 18585 | D:15     | Found a staircase to the Depths.
 18791 | D:15     | Reached skill level 15 in Fighting
 18989 | D:15     | Got a faintly glowing flail
 18993 | D:15     | Identified the cursed +2 flail of Clicaiff {vamp, rC+} (You found it on level 15 of the Dungeon)
 19280 | Lair:1   | Entered Level 1 of the Lair of Beasts
 20162 | Lair:2   | Noticed Harold
 20173 | Lair:2   | Killed Harold
 20229 | Lair:2   | Reached skill level 20 in Maces & Flails
 20593 | Lair:2   | Reached XP level 15. HP: 134/141 MP: 2/6
 20970 | Lair:3   | Found a staircase to the Shoals.
 21360 | Lair:3   | Found a dark tunnel.
 21370 | Volcano  | Entered a volcano
 21503 | Volcano  | Found a radiant altar of Vehumet.
 21550 | Volcano  | Found a burning altar of Makhleb.
 22061 | Lair:3   | Lost mutation: You are weak. (Str -2) [potion of cure mutation]
 22061 | Lair:3   | Lost mutation: You can spit poison. [potion of cure mutation]
 22061 | Lair:3   | Lost mutation: You possess an exceptional clarity of mind. [potion of cure mutation]
 22061 | Lair:3   | Lost mutation: You are very clumsy. (Dex -4) [potion of cure mutation]
 22061 | Lair:3   | Lost mutation: You are clumsy. (Dex -2) [potion of cure mutation]
 22112 | Lair:4   | Reached skill level 10 in Dodging
 22615 | Lair:4   | Received a gift from Okawaru
 22713 | Lair:4   | Found a hole to the Spider Nest.
 22981 | Lair:5   | Found a staircase to the Snake Pit.
 24335 | Lair:6   | Got a jewelled battleaxe
 24336 | Lair:6   | Identified the +5 battleaxe "Disamu Lenu" {speed, +Inv Int+3} (You found it on level 6 of the Lair of Beasts)
 24393 | Lair:6   | Reached skill level 21 in Maces & Flails
 24396 | Lair:6   | Reached skill level 15 in Armour
 24397 | Lair:6   | Noticed BluebellGnoll's ghost (powerful NaEn)
 24414 | Lair:6   | Killed BluebellGnoll's ghost
 24834 | Lair:7   | Noticed Erica
 24847 | Lair:7   | Killed Erica
 24993 | Lair:7   | Found a viscous altar of Jiyva.
 24996 | Lair:7   | Found a staircase to the Slime Pits.
 25602 | Lair:7   | Reached XP level 16. HP: 133/151 MP: 2/6
 25779 | Lair:7   | Got a vibrating lead amulet
 25878 | Lair:7   | Identified the amulet "Axaudaik" {+Rage Int+3} (You found it on level 7 of the Lair of Beasts)
 25960 | Lair:8   | Entered Level 8 of the Lair of Beasts
 26065 | Lair:8   | Noticed Maud
 26074 | Lair:8   | Killed Maud
 26092 | Lair:8   | Noticed Somebody's ghost (powerful TrMo)
 26102 | Lair:8   | Killed Somebody's ghost
 26325 | Lair:8   | Received a gift from Okawaru
 27051 | Lair:8   | Reached skill level 22 in Maces & Flails
 27086 | Lair:8   | Gained mutation: You expend magic power (3 MP) to slightly strengthen your wands. [potion of mutation]
 27086 | Lair:8   | Gained mutation: Scrolls take you longer to read. [potion of mutation]
 27319 | Snake:1  | Entered Level 1 of the Snake Pit
 27330 | Snake:1  | Noticed Kirke
 27407 | Snake:1  | Killed Kirke
 28135 | Snake:2  | Noticed Saint Roka
 28165 | Snake:2  | Killed Saint Roka
 28985 | Snake:3  | Received a gift from Okawaru
 28993 | Snake:3  | Got a warped crystal plate armour {god gift}
 29005 | Snake:3  | Identified the +1 crystal plate armour "Rokloc" {+Fly} (Okawaru gifted it to you on level 3 of the Snake Pit)
 29267 | Snake:3  | Reached XP level 17. HP: 79/161 MP: 1/6
 29651 | Snake:3  | Noticed Jorgrun
 29710 | Snake:3  | Killed Jorgrun
 31012 | Snake:5  | Entered Level 5 of the Snake Pit
 31022 | Snake:5  | Received a gift from Okawaru
 31027 | Snake:5  | Reached skill level 23 in Maces & Flails
 31061 | Snake:5  | Noticed Nikola
 31072 | Snake:5  | Killed Nikola
 31394 | Snake:4  | Lost mutation: You have difficulty communicating with the divine. [potion of cure mutation]
 31394 | Snake:4  | Lost mutation: Scrolls take you longer to read. [potion of cure mutation]
 31394 | Snake:4  | Lost mutation: Scrolls take you a little longer to read. [potion of cure mutation]
 31394 | Snake:4  | Lost mutation: You expend magic power (3 MP) to slightly strengthen your wands. [potion of cure mutation]
 31395 | Snake:4  | Gained mutation: You are robust (+10% HP). [potion of beneficial mutation]
 31396 | Snake:4  | Gained mutation: You can spit poison. [potion of beneficial mutation]
 32371 | Snake:5  | Received a gift from Okawaru
 32406 | Snake:5  | Reached XP level 18. HP: 163/188 MP: 2/7
 33255 | Snake:5  | Received a gift from Okawaru
 33277 | Snake:5  | Reached skill level 24 in Maces & Flails
 33343 | Snake:5  | Got a serpentine rune of Zot
 33740 | Shoals:1 | Entered Level 1 of the Shoals
 34006 | Shoals:1 | Noticed Sonja
 34013 | Shoals:1 | Cast into the Abyss (Sonja)
 34013 | Abyss:1  | Found a corrupted altar of Lugonu.
 34216 | Shoals:1 | Escaped the Abyss
 34493 | Shoals:1 | Killed Sonja
 34610 | Shoals:2 | Noticed Snorg
 34617 | Shoals:2 | Killed Snorg
 34648 | Shoals:2 | Noticed Aizul
 34660 | Shoals:2 | Killed Aizul
 34665 | Shoals:2 | Received a gift from Okawaru
 34688 | Shoals:2 | Noticed Norris
 34708 | Shoals:2 | Killed Norris
 35757 | Shoals:3 | Noticed Agnes
 35775 | Shoals:3 | Killed Agnes
 36296 | Shoals:3 | Noticed Asterion
 36352 | Shoals:3 | Killed Asterion
 36573 | Shoals:3 | Reached XP level 19. HP: 194/199 MP: 2/7
 37151 | Shoals:3 | Noticed Donald
 37159 | Shoals:3 | Killed Donald
 37438 | Shoals:4 | Reached skill level 15 in Dodging
 37443 | Shoals:4 | Noticed Ilsuiw
 37445 | Shoals:4 | Found Smarch Huek's Magic Scroll Shop.
 37450 | Shoals:4 | Received a gift from Okawaru
 37472 | Shoals:4 | Killed Ilsuiw
 37514 | Shoals:4 | Bought a scroll of acquirement for 728 gold pieces
 37517 | Shoals:4 | Got a warped flail
 37519 | Shoals:4 | Identified the +9 flail of the Solstice {freeze, rPois Str+4} (You acquired it on level 4 of the Shoals)
 37627 | Shoals:4 | Found Cluur's Jewellery Emporium.
 37732 | Shoals:4 | Bought the ring of Plog {rElec rC+ Str+4 Dex+4} for 613 gold pieces
 37761 | Shoals:4 | Got a vibrating ruby amulet
 37765 | Shoals:4 | Identified the amulet of Hemeqe {Faith +Fly rElec Str+9 Dex-5} (You acquired it on level 4 of the Shoals)
 38354 | Shoals:4 | Received a gift from Okawaru
 38494 | Shoals:4 | Found Prapt's Assorted Antiques.
 38495 | Shoals:4 | Found Zeobry's Book Boutique.
 38596 | Shoals:5 | Entered Level 5 of the Shoals
 38728 | Shoals:5 | Reached skill level 5 in Shields
 38760 | Shoals:5 | Got a barnacled rune of Zot
 39099 | Shoals:5 | Received a gift from Okawaru
 39185 | Shoals:5 | Got an encrusted flail
 39186 | Shoals:5 | Identified the +9 flail "Hureg" {venom, -Tele rPois rC+ Int+7} (You found it on level 5 of the Shoals)
 40427 | Elf:1    | Reached skill level 10 in Shields
 40439 | Elf:1    | Noticed a deep elf sorcerer
 40444 | Elf:1    | Killed a deep elf sorcerer
 40510 | Elf:1    | Identified the Tome of Confrontation
 40640 | Elf:1    | Received a gift from Okawaru
 40640 | Elf:1    | Reached XP level 20. HP: 210/210 MP: 7/7
 40817 | Elf:1    | Paralysed by a giant eyeball for 3 turns
 41301 | Elf:2    | Found a runed gate.
 41301 | Elf:2    | Found a runed gate.
 41302 | Elf:2    | Found a runed gate.
 42195 | Elf:2    | Found Pluanurruk's Antique Weapon Boutique.
 42701 | Elf:3    | Entered Level 3 of the Elven Halls
 42762 | Elf:3    | Found Xin Usaj's Magic Scroll Boutique.
 42912 | Elf:3    | HP: 5/210 [balrug/divine providence[a deep elf demonologist] (13)]
 42938 | Elf:3    | HP: 9/210 [deep elf high priest/a malign offering (22)]
 42939 | Elf:3    | Killed from afar by a deep elf high priest

Action                   |  1- 3 |  4- 6 |  7- 9 | 10-12 | 13-15 | 16-18 | 19-21 || total
-------------------------+-------+-------+-------+-------+-------+-------+-------++-------
Melee: Flail             |    75 |    84 |    78 |       |    51 |       |   470 ||   758
       Dire flail        |       |       |   257 |   169 |       |       |       ||   426
       Great mace        |       |       |       |   462 |   977 |   980 |    86 ||  2505
       Unarmed           |       |       |       |       |       |     2 |       ||     2
  Use: Potion            |       |     1 |     6 |     2 |     3 |    14 |     4 ||    30
       Scroll            |       |       |    15 |     6 |    13 |     3 |     7 ||    44
 Stab: Sleeping          |       |       |       |     1 |       |       |       ||     1
       Petrifying        |       |       |       |       |       |     1 |       ||     1
       Invisible         |       |       |       |       |       |       |     1 ||     1
  Eat: Meat ration       |     1 |       |     1 |     5 |     2 |     4 |     3 ||    16
       Beef jerky        |       |       |     2 |     1 |     1 |     3 |     2 ||     9
       Bread ration      |       |       |     1 |       |       |     1 |       ||     2
       Pizza             |       |       |     1 |     1 |     1 |       |       ||     3
       Fruit             |       |       |       |     3 |     6 |       |       ||     9
       Chunk             |       |       |       |     3 |       |       |       ||     3
       Royal jelly       |       |       |       |       |     7 |     3 |     1 ||    11
